 Dungeon Crawl Stone Soup version 0.30-b1-2-g02819fbbbe (webtiles) character file.

Game seed: 14210018415006303610

83 asdfasdf the Shield-Bearer (level 4, -1/40 HPs)
             Began as a Hill Orc Fighter on May 3, 2023.
             Slain by a gnoll
             ... wielding a +0 halberd
              (3 damage)
             ... on level 2 of the Dungeon.
             The game lasted 00:02:16 (1132 turns).

asdfasdf the Shield-Bearer (Hill Orc Fighter)       Turns: 1132, Time: 00:02:16

Health: -1/40      AC:  9    Str: 20    XL:     4   Next: 44%
Magic:  4/4        EV:  7    Int:  8    God:
Gold:   43         SH:  4    Dex: 10    Spells: 3/3 levels left

rFire   . . .        a - +0 war axe
rCold   . . .        c - +0 buckler
rNeg    . . .        i - +0 chain mail
rPois   .            (no helmet)
rElec   .            (no cloak)
rCorr   .            (no gloves)
SInv    .            (no boots)
Will    .....        (no amulet) Stlth
                     (no ring)
HPRegen 0.26/turn    (no ring)
MPRegen 0.09/turn

%: no passive effects
@: no status effects
A: no striking features
a: no special abilities


You were on level 2 of the Dungeon.
You visited 1 branch of the dungeon, and saw 2 of its levels.

You collected 43 gold pieces.

Inventory:

Hand Weapons
 a - a +0 war axe (weapon)
Armour
 c - a +0 buckler (worn)
 i - a +0 chain mail (worn)
Scrolls
 b - a scroll of enchant armour {unknown}
 d - a scroll of noise {unknown}
 g - 2 scrolls of identify {unknown}
 h - a scroll of fear {unknown}
 j - 2 scrolls of teleportation {unknown}
 l - 2 scrolls of blinking {unknown}
 m - a scroll of fog {unknown}
Potions
 e - a potion of heal wounds {unknown}
 f - 3 potions of might
 k - a potion of lignification {unknown}


   Skills:
 + Level 4.0 Fighting
 + Level 3.4 Axes
 + Level 4.2 Armour
 + Level 4.2 Shields


You had 3 spell levels left.
You didn't know any spells.
Your spell library contained the following spells:

 Spells                   Type           Power      Damage    Failure   Level
 Ozocubu's Armour         Ice            0%         N/A       100%        3
 Metabolic Englaciation   Hex/Ice        0%         N/A       100%        5
 Simulacrum               Ice/Necr       0%         N/A       100%        6


Dungeon Overview and Level Annotations

Branches:
Dungeon (2/15)

Altars:
Wu Jian

Shops:
D:1 *


Message History

You hit the gnoll but do no damage. The gnoll hits you with a +0 whip.
You slash the gnoll!
The gnoll is severely wounded.
You block the gnoll's attack. The gnoll hits you but does no damage.
You closely miss the gnoll.
The gnoll is severely wounded.
The gnoll hits you with a +0 whip.
The gnoll hits you from afar with a +1 heavy spear!
The gnoll barely misses you.
You closely miss the gnoll.
The gnoll is severely wounded.
The gnoll hits you from afar with a +1 heavy spear.
The gnoll hits you with a +0 whip.
You slash the gnoll!
You kill the gnoll!
The gnoll hits you from afar with a +1 heavy spear.
* * * LOW HITPOINT WARNING * * *
The gnoll barely misses you.
Things that are here:
a +0 whip; a gnoll corpse A gnoll is nearby!
You block the gnoll's attack.
You barely miss the gnoll.
The gnoll hits you with a +1 heavy spear.
* * * LOW HITPOINT WARNING * * *
You slash the gnoll!
The gnoll is almost dead.
The gnoll hits you with a +1 heavy spear!
* * * LOW HITPOINT WARNING * * *
You hit the gnoll.
You kill the gnoll!
You slash the rat!
You kill the rat!
The frilled lizard closely misses you.
You slash the frilled lizard!
You kill the frilled lizard!
You barely miss the worm. You block the gnoll's attack. The worm bites you.
* * * LOW HITPOINT WARNING * * *
The gnoll hits you from afar with a +0 halberd.
You die...

#..##......##........#
#.w.......##........#
.....#.................#
### #..#####J.........#
####'#####.......####
#.......##.......#
#......w.g.......#
#........#w#.....#
#........#@###.###
###### ##########..##.#
#..... ##..### #.....
##..# #..... ##.# #.....
#.##### #..... #.....##
#..... #####..###.....
##..##.....


You could see a worm, a gnoll and an endoplasm.

Vanquished Creatures
  4 gnolls
  An adder (D:2)
  A dart slug (D:1)
  2 bats (D:1)
  2 endoplasms (D:1)
  A goblin (D:1)
  6 hobgoblins (D:1)
  5 jackals (D:1)
  3 kobolds
  A quokka (D:1)
  A ball python (D:1)
  5 frilled lizards
  3 rats
35 creatures vanquished.

Notes
Turn   | Place    | Note
-------+----------+-------------------------------------------
     0 | D:1      | asdfasdf the Hill Orc Fighter began the quest for the Orb.
     0 | D:1      | Reached XP level 1. HP: 19/19 MP: 1/1
    57 | D:1      | Reached XP level 2. HP: 7/27 MP: 2/2
    72 | D:1      | Reached XP level 3. HP: 4/33 MP: 3/3
    73 | D:1      | HP: 1/33 [hobgoblin (4)]
   606 | D:1      | Found Qovving's General Store.
   900 | D:2      | Found an ornate altar of the Wu Jian Council.
   963 | D:2      | Reached XP level 4. HP: 40/40 MP: 4/4
  1128 | D:2      | HP: 2/40 [gnoll/+1 heavy spear (8)]
  1132 | D:2      | Slain by a gnoll

Illustrated notes

Levels and vault maps discovered:
D:1:      nicolae_arrival_washed_ashore, layout_loops_ring, serial_shops,
          nicolae_shop_tiny_waterfront
D:2:      layout_basic, basic_altar

Skill      XL: |  1  2  3 |
---------------+----------+-----
Fighting       | 4 |  4.0
Shields        | 4 |  4.2
Axes           | 3 |  3.4
Armour         | 4 |  4.2

Action                     |  1- 3 |  4- 6 || total
---------------------------+-------+-------++-------
  Melee: War axe           |    68 |    17 ||    85
    Use: Potion            |     1 |       ||     1
 Armour: Scale mail        |    21 |       ||    21
         Chain mail        |    11 |    11 ||    22
  Dodge: Dodged            |    19 |     7 ||    26
  Block: Buckler           |    13 |     5 ||    18
